 Dungeon Crawl Stone Soup version bcrawl-1.37.1 (webtiles) character file.

Game seed: 10341526612237303824

184610 Mehrunes the Reanimator (level 7, 0/36 HPs)
             Began as a Skeleton Necromancer on Oct 21, 2022.
             Was an Initiate of Ashenzari.
             Slain by Pikel
             ... wielding a +1 whip of flaming
              (12 damage)
             ... on level 4 of the Dungeon.
             The game lasted 00:14:17 (4819 turns).

Mehrunes the Reanimator (Skeleton Necromancer)      Turns: 4819, Time: 00:14:17

Health: 0/36       AC:  2    Str: 16 (17) XL:     7   Next: 42%
Magic:  0/18       EV: 12    Int: 13      God:    Ashenzari [......]
Gold:   261        SH:  0    Dex:  8 (9)  Spells: 4/21 levels left

rFire    . . .     GDR:     19% a - +3 dagger (pain)
rCold    + . .     SeeInvis +   (no shield)
rNeg     + + +     Gourm    .   b - +0 robe
rPois    ∞         Faith    .   (no helmet)
rElec    .         Spirit   +   (no cloak)
rCorr    .         Reflect  .   (no gloves)
MR       +....                  (no boots)
Stlth    ++........             k - amulet of Vision {SInv *Curse} (curse)
HPRegen  0.16/turn              (no ring)
MPRegen  0.16/turn              (no ring)

@: very slightly contaminated
A: no food or potions, cold resistance 1, deterioration 1, negative energy
resistance 3, powered by death 1, torment resistance, unbreathing, magic shield,
sturdy frame 1, spell healing
a: Curse Item, Renounce Religion


You were on level 4 of the Dungeon.
You worshipped Ashenzari.
Ashenzari was noncommittal.
You were not hungry.

You visited 1 branch of the dungeon, and saw 4 of its levels.

You collected 261 gold pieces.

Inventory:

Hand Weapons
 a - a +3 dagger of pain (weapon)
 e - a +0 whip
Missiles
 h - 128 javelins (quivered)
Armour
 b - a +0 robe (worn)
 g - a +0 chain mail
 j - a +0 scale mail
 l - a +0 pair of gloves
 m - a +0 ring mail of cold resistance
Magical Staves
 c - an uncursed staff of air
Jewellery
 k - the cursed amulet of Vision (around neck) {SInv *Curse}
   (You found it on level 2 of the Dungeon)

   [amulet of nothing]

   It lets you see invisible.
   It curses itself when equipped.
   It has a curse placed upon it.
Wands
 n - a wand of charming (8)
Scrolls
 d - a scroll of magic mapping {unknown}
 f - a scroll of remove curse
 i - 4 scrolls of identify
 o - a scroll of amnesia


   Skills:
 - Level 2.0 Dodging
 - Level 2.4 Stealth
 + Level 7.9 Spellcasting
 - Level 8.0 Necromancy


You had 4 spell levels left.
You knew the following spells:

 Your Spells              Type           Power        Failure   Level  Hunger
a - Necrotize             Necr           ####..       1%          1    N/A
b - Vampiric Draining     Necr           ####......   1%          3    N/A
c - Agony                 Necr           ####....     5%          4    N/A
d - Animate Dead          Necr           N/A          5%          4    N/A
e - Dispel Undead         Necr           ####....     14%         5    N/A

Your spell library contained the following spells:

 Spells                   Type           Power        Failure   Level  Hunger


Dungeon Overview and Level Annotations

Branches:
Dungeon (4/12)
 Temple: D:4-7

Altars:
Ashenzari
Vehumet

Annotations:
D:4 Pikel, Robin


Innate Abilities, Weirdness & Mutations

You do not eat or drink.
You are immune to poison.
Your flesh is cold resistant. (rC+)
Your body sometimes deteriorates upon taking damage.
You are immune to negative energy. (rN+++)
You regenerate a little health from kills.
You are immune to unholy pain and torment.
You can survive without breathing.
When hurt, damage is shared between your health and your magic reserves.
Your movements are slightly less encumbered by armour. (ER -2)
Casting spells heals you.


Message History

Really abort (and waste the scroll)? [Y]es or [N]o only, please.
Really abort (and waste the scroll)?
Okay, then.
Pikel hits you with a +1 whip of flaming!
Pikel burns you.
Casting: Necrotize (safe; 1% risk of failure)
Confirm with . or Enter, or press ? or * to list all spells.
Aiming: Vampiric Draining (safe; 1% risk of failure)
Press: ? - help, Shift-Dir - straight line, f/p - Pikel
Aim: Pikel, wielding a +1 whip of flaming and wearing a +0 robe (severely wounded, berserk, fast, unusually strong) Pikel is almost dead.
You feel life coursing into your body. The foreign life energy weakens you!
You feel weakened. Pikel hits you but does no damage.
Pikel hits you with a +1 whip of flaming!
Your body deteriorates!
You feel clumsy. Pikel burns you.
Pikel hits you with a +1 whip of flaming!
You die...

##.##
##.###
##...###
#.## ##.##
##.....#
.## ##..#
##.....##
## ##..##
##.....## #
#..##
##.......#
##..#
##...##...#
#..##
##..###
...# ##..#
#..## #..#
#...# #.@#
...# #...##
#.K## ####
# #....##
##.p### #
##....##
#....### #
###...#
##.p..p## #
##..##
###....# #
##..#
####.# #
#..# #.# #
#..# ##p#


You could see Pikel (berserk) and 2 slaves.

Vanquished Creatures
  An ice beast (D:3)
  2 sky beasts
  3 orc priests
  A crimson imp (D:4)
  An orc wizard (D:3)
  A worker ant (D:3)
  4 gnolls
  An adder (D:3)
  A howler monkey skeleton (D:4)
  An ooze (D:3)
  5 worms
  6 leopard geckos
  9 orcs
  A ball python (D:3)
  8 giant cockroaches
  11 hobgoblins
  10 jackals
  4 quokkas
  7 bats
  2 frilled lizards
  11 goblins
  7 kobolds
  4 rats (D:1)
101 creatures vanquished.

Vanquished Creatures (collateral kills)
  A hound (D:4)
  A hound skeleton (D:4)
  A worm (D:3)
  A leopard gecko (D:3)
  An orc (D:3)
  3 goblins
  A quokka (D:1)
  A bat (D:1)
  A frilled lizard (D:2)
  A kobold (D:3)
  A rat (D:1)
13 creatures vanquished.

Grand Total: 114 creatures vanquished

Notes
Turn   | Place    | Note
-------+----------+-------------------------------------------
     0 | D:1      | Mehrunes the Skeleton Necromancer began the quest for the
                  | Orb.
     0 | D:1      | Reached XP level 1. HP: 10/10 MP: 4/4
   133 | D:1      | Reached XP level 2. HP: 15/15 MP: 1/6
   142 | D:1      | Reached skill level 5 in Necromancy
   324 | D:1      | Reached XP level 3. HP: 19/19 MP: 1/7
   385 | D:1      | Learned a level 3 spell: Vampiric Draining
   966 | D:2      | Reached skill level 6 in Necromancy
  1083 | D:2      | Reached XP level 4. HP: 24/24 MP: 4/8
  1148 | D:2      | Noticed a sky beast
  1173 | D:1      | Learned a level 4 spell: Agony
  1233 | D:2      | HP: 1/24 [gnoll/+0 club (6)]
  1451 | D:1      | Killed a sky beast
  1452 | D:1      | Reached skill level 7 in Necromancy
  1452 | D:1      | Reached XP level 5. HP: 28/28 MP: 1/9
  1558 | D:2      | Found a shattered altar of Ashenzari.
  1570 | D:2      | Became a worshipper of Ashenzari the Shackled
  1571 | D:2      | Found the cursed amulet of Vision {SInv *Curse}
  2391 | D:3      | Reached skill level 8 in Necromancy
  2599 | D:3      | Gained mutation: You regenerate a little health from kills.
                  | [Skeleton growth]
  2599 | D:3      | Reached XP level 6. HP: 32/32 MP: 3/10
  3046 | D:4      | Noticed an ice beast
  3122 | D:4      | Found a radiant altar of Vehumet.
  3216 | D:4      | Noticed Robin
  3777 | D:3      | Learned a level 4 spell: Animate Dead
  3794 | D:3      | Killed an ice beast
  3795 | D:3      | Reached skill level 5 in Spellcasting
  4167 | D:4      | Reached XP level 7. HP: 28/36 MP: 7/16
  4418 | D:4      | Learned a level 5 spell: Dispel Undead
  4799 | D:4      | Noticed Pikel
  4819 | D:4      | Slain by Pikel

Skill      XL: |  1  2  3  4  5  6  7 |
---------------+----------------------+-----
Necromancy     | 5 6 7 8 |  8.0
Spellcasting   | 6 7 |  7.9
Dodging        | |  2.0
Stealth        | |  2.4

Action                   |  1- 3 |  4- 6 |  7- 9 || total
-------------------------+-------+-------+-------++-------
Melee: Dagger            |    11 |    22 |    33 ||    66
Throw: Javelin           |       |       |    11 ||    11
 Cast: Necrotize         |    74 |   136 |    19 ||   229
       Vampiric Draining |       |     3 |     2 ||     5
       Agony             |       |     2 |     1 ||     3
  Use: Scroll            |       |     6 |     2 ||     8
Armor: Robe              |     4 |    15 |     3 ||    22
Dodge: Dodged            |    16 |    47 |    31 ||    94
